 Seeded DCSS version 0.29.1-2-gbd0b4ee654 (webtiles) character file.

Game seed: 19941 (custom seed)

58 Ashen the Grave Robber (level 3, 0/26 HPs)
             Began as a Demonspawn Necromancer on Oct 30, 2022.
             Slain by a kobold
             ... wielding a +0 short sword
              (3 damage)
             ... on level 2 of the Dungeon.
             The game lasted 00:03:20 (2232 turns).

Ashen the Grave Robber (Demonspawn Necromancer)     Turns: 2232, Time: 00:03:21

Health: 0/26       AC:  6    Str:  8    XL:     3   Next: 76%
Magic:  6/6        EV: 12    Int: 18    God:
Gold:   41         SH:  0    Dex: 13    Spells: 5/6 levels left

rFire   . . .      SeeInvis .   a - +1 dagger (flame)
rCold   . . .      Faith    .   (no shield)
rNeg    . . .      Spirit   .   f - +3 leather armour
rPois   .          Reflect  .   (no helmet)
rElec   .          Harm     .   (no cloak)
rCorr   .          Rampage  .   (no gloves)
Will    .....                   (no boots)
Stlth   ++........              (no amulet)
HPRegen 0.08/turn               (no ring)
MPRegen 0.10/turn               (no ring)

@: no status effects
A: sturdy frame 1, weakness stinger 1
a: no special abilities


You were on level 2 of the Dungeon.
You visited 1 branch of the dungeon, and saw 2 of its levels.

You collected 41 gold pieces.

Inventory:

Hand Weapons
 a - a +1 dagger of flaming (weapon)
 h - a +0 whip of pain
Armour
 f - a +3 leather armour (worn)
Scrolls
 c - a scroll of magic mapping {unknown}
 d - 2 scrolls of identify {unknown}
 e - a scroll of amnesia {unknown}
 g - a scroll of noise {unknown}
Potions
 b - a potion of magic


   Skills:
 + Level 1.0 Fighting
 + Level 2.2 Dodging
 * Level 2.6 Stealth
 + Level 2.4 Spellcasting
 + Level 4.7 Necromancy


You had 5 spell levels left.
You knew the following spells:

 Your Spells              Type           Power      Damage    Failure   Level
a - Necrotise             Necr           76%        1d7       2%          1

Your spell library contained the following spells:

 Spells                   Type           Power      Damage    Failure   Level
 Vampiric Draining        Necr           19%        2d7       9%          3
 Animate Dead             Necr           19%        N/A       26%         4
 Portal Projectile        Hex/Tloc       4%         N/A       50%         3
 Tukima's Dance           Hex            2%         N/A       50%         3
 Agony                    Necr           19%        N/A       58%         5
 Blade Hands              Tmut           1%         N/A       99%         5


Dungeon Overview and Level Annotations

Branches:
Dungeon (2/15)

Altars:

Shops:
D:1 ([*


Innate Abilities, Weirdness & Mutations

Your movements are slightly less encumbered by armour. (ER -2)
You have a small tail.


Message History

Confirm with . or Enter, or press ? or * to list all spells.
Aiming: Necrotise (safe; 2% risk of failure)
Press: ? - help, Shift-Dir - straight line, f/p - endoplasm
Aim: an endoplasm (almost dead, chance to affect: 89%)
The endoplasm writhes in agony.
You kill the endoplasm!
Your Fighting skill increases to level 1!
You pick up a book of Weapons and begin reading...
You add the spells Tukima's Dance, Portal Projectile and Blade Hands to your library.
Found a dagger.
A gnoll comes into view. It is wielding a +0 halberd.
A gnoll and a frilled lizard come into view.
The gnoll shouts!
The frilled lizard hisses angrily.
A gnoll comes into view. It is wielding a +0 whip.
The gnoll throws a throwing net.
The throwing net hits you.
You become entangled in the net!
You see here a throwing net.
You struggle against the net.
The gnoll shouts!
You struggle against the net.
You rip the net and break free!
The gnoll misses you. The gnoll barely misses you.
The gnoll attacks as you move away! The gnoll closely misses you.
A kobold comes into view. It is wielding a +0 short sword.
The gnoll attacks as you move away! The gnoll closely misses you.
The kobold shouts!
You hit the kobold. You burn the kobold.
The kobold is heavily wounded.
The kobold barely misses you. The gnoll hits you with a +0 whip.
The gnoll hits you from afar with a +0 spear.
The kobold closely misses you. The gnoll attacks as you move away!
The gnoll hits you with a +0 whip.
The kobold hits you with a +0 short sword.
The gnoll attacks as you move away! The gnoll hits you with a +0 whip.
* * * LOW HITPOINT WARNING * * *
The gnoll attacks as you move away! The gnoll hits you with a +0 whip.
* * * LOW HITPOINT WARNING * * *
The kobold attacks as you move away!
The kobold hits you with a +0 short sword.
You die...

#)...#
#.##.#
#.##.#
#.##.#
#####.##.#
.........#
#######..#
#..# #.@#
#gK# #.g#
#.#####g.#
#........#
#..#####l#
#.. #.#
#.. #.#
#.. #.#


You could see 3 gnolls, a kobold and a frilled lizard.

Vanquished Creatures
  2 adders (D:2)
  2 dart slugs
  3 endoplasms
  2 goblins (D:2)
  5 hobgoblins
  2 quokkas (D:1)
  2 ball pythons (D:1)
  3 bats
  3 frilled lizards
  3 kobolds (D:1)
  5 rats
32 creatures vanquished.

Vanquished Creatures (collateral kills)
  A bat (D:1)
  A giant cockroach (D:1)
  A goblin (D:1)
3 creatures vanquished.

Grand Total: 35 creatures vanquished

Notes
Turn   | Place    | Note
-------+----------+-------------------------------------------
     0 | D:1      | Ashen the Demonspawn Necromancer began the quest for the
                  | Orb.
     0 | D:1      | Reached XP level 1. HP: 13/13 MP: 3/3
   380 | D:1      | Found Riotof's Antique Weapon Shop.
   693 | D:1      | Gained mutation: Your movements are slightly less
                  | encumbered by armour. (ER -2) [demonic ancestry]
   693 | D:1      | Reached XP level 2. HP: 19/19 MP: 3/5
  1471 | D:1      | Found a faded altar of an unknown god.
  1609 | D:1      | Found Vypiut's Assorted Antiques.
  1616 | D:1      | Gained mutation: You have a small tail. [demonic ancestry]
  1616 | D:1      | Reached XP level 3. HP: 25/25 MP: 4/6
  1638 | D:1      | Found Marruhor's Antique Armour Shoppe.
  2143 | D:2      | Reached skill level 1 in Fighting
  2232 | D:2      | Slain by a kobold

Illustrated notes

Levels and vault maps discovered:
D:1:      lightli_arrival_lavapool, layout_basic, serial_shops, shop_fountains,
          shop, nicolae_shop_trees,
          hellmonk_ecumenical_altar_pennies_from_heaven
D:2:      layout_loops_ring, minmay_hexomino_c4

Skill      XL: |  1  2  3 |
---------------+----------+-----
Dodging        | 2 |  2.2
Stealth        | 2 |  2.6
Fighting       | 1 |  1.0
Spellcasting   | |  2.4
Necromancy     | |  4.7

Action                   || total
-------------------------++-------
Melee: Unarmed           ||    20
       Dagger            ||     6
       Tailslap          ||     1
 Cast: Necrotise         ||    56
 Stab: Sleeping          ||     3
Armor: Robe              ||     5
       Leather armour    ||     2
Dodge: Dodged            ||    28
